 Dungeon Crawl Stone Soup version 0.23-a0-141-g456867d (webtiles) character file.

175 galech the Chopper (level 5, 42/42 HPs)
             Began as a Demonspawn Monk on Aug 31, 2018.
             Quit the game on level 3 of the Dungeon.
             The game lasted 00:03:59 (3304 turns).

galech the Chopper (Demonspawn Monk)                Turns: 3304, Time: 00:03:59

Health: 42/42      AC: 11    Str: 11    XL:     5   Next: 29%
Magic:  5/5        EV:  7    Int: 12    God:
Gold:   199        SH:  0    Dex: 16    Spells: 4/4 levels left

rFire    . . .     SeeInvis .   a - +0 hand axe
rCold    . . .     Gourm    .   (no shield)
rNeg     + . .     Faith    .   v - +0 chain mail
rPois    .         Spirit   .   w - +0 helmet
rElec    .         Reflect  .   k - +0 cloak (curse)
rCorr    .         Harm     .   q - +0 pair of gloves
MR       .....                  (no boots)
Stlth    ..........             (no amulet)
HPRegen  0.14/turn              x - ring of positive energy
MPRegen  0.09/turn              (no ring)

@: drained
A: talons 1, repulsion field 1, nightstalker 1
a: no special abilities


You were on level 3 of the Dungeon.
You were hungry.

You visited 1 branch of the dungeon, and saw 3 of its levels.

You collected 199 gold pieces.

Inventory:

Hand Weapons
 a - a +0 hand axe (weapon)
Armour
 k - a cursed +0 cloak (worn)
 q - a +0 pair of gloves (worn)
 v - a +0 chain mail (worn)
 w - a +0 helmet (worn)
Jewellery
 x - a ring of positive energy (left hand)
Scrolls
 b - a scroll of enchant weapon {unknown}
 d - 3 scrolls of identify {unknown}
 e - a scroll of immolation {unknown}
 f - a scroll of random uselessness {unknown}
 g - 2 scrolls of fog {unknown}
 j - a scroll of teleportation {unknown}
 n - 2 scrolls of fear {unknown}
 o - a scroll of noise {unknown}
 t - 2 scrolls of remove curse {unknown}
Potions
 h - 3 potions of curing {unknown}
 i - 2 potions of brilliance {unknown}
 l - a potion of lignification {unknown}
 m - a potion of might {unknown}
 p - a potion of berserk rage {unknown}
 r - 4 potions of degeneration {unknown}
 s - 2 potions of haste {unknown}
 u - a potion of magic {unknown}
Comestibles
 c - 4 rations


   Skills:
 + Level 3.7(2.8) Fighting
 + Level 4.0(3.1) Axes
 + Level 1.2(0.3) Armour
 + Level 3.3(2.4) Dodging
 + Level 2.5(1.6) Stealth


You had 4 spell levels left.
You didn't know any spells.
Your spell library was empty.

Dungeon Overview and Level Annotations

Branches:
Dungeon (3/15)

Altars:


Innate Abilities, Weirdness & Mutations

You have sharp toenails.
You are surrounded by a mild repulsion field. (EV +2)
You are slightly more attuned to the shadows.


Message History

No target in view!
No target in view!
No target in view!
No target in view!
No target in view!
A giant cockroach comes into view.
Found a quarterstaff.
The giant cockroach closely misses you.
Your chain mail prevents you from hitting the giant cockroach.
You claw the giant cockroach.
You kill the giant cockroach!
No target in view!
No target in view!
No target in view!
No target in view!
No target in view!
No target in view!
Done exploring.
Done exploring.
Are you sure you want to abandon this character and quit the game? (Confirm

#................#
........##########
.................#
.###.#.)..######.# .#
#.#....#### #.# .#
#(#.......# #.# .#
#.#.....#.###.# .#
#.#.#.......#.# .#
#.....#.#.#>#@########
######.#.#.#.#.#........#
.....#.#.#.#.#.#######.##
####.#.#.#.#.#.# #.# #
#.#.#.#.#.#.## #.# #
#.#.#.#.#....# #.# #
#.#.#.#.###..# #.# #
#.#...#.###..# #.#
####.#..........######.#


There were no monsters in sight!

Vanquished Creatures
  Robin (D:3)
  A gnoll (D:1)
  6 adders
  An ooze (D:3)
  3 worms
  2 dart slugs
  A leopard gecko (D:2)
  An orc (D:3)
  A ball python (D:2)
  9 bats
  2 giant cockroaches (D:3)
  20 goblins
  10 hobgoblins
  3 jackals (D:1)
  6 kobolds
  A quokka (D:2)
  5 frilled lizards
  6 rats
79 creatures vanquished.

Notes
Turn   | Place    | Note
-------+----------+-------------------------------------------
     0 | D:1      | galech the Demonspawn Monk began the quest for the Orb.
     0 | D:1      | Reached XP level 1. HP: 18/18 MP: 1/1
   163 | D:1      | Gained mutation: You are surrounded by a mild repulsion
                  | field. (EV +2) [demonic ancestry]
   163 | D:1      | Reached XP level 2. HP: 14/24 MP: 2/2
   356 | D:1      | Reached skill level 3 in Axes
   852 | D:1      | Gained mutation: You have sharp toenails. [demonic
                  | ancestry]
   852 | D:1      | Reached XP level 3. HP: 29/29 MP: 3/3
  1691 | D:2      | Reached XP level 4. HP: 32/35 MP: 4/4
  2735 | D:3      | Noticed Robin
  2749 | D:3      | Killed Robin
  2749 | D:3      | Gained mutation: You are slightly more attuned to the
                  | shadows. [demonic ancestry]
  2749 | D:3      | Reached XP level 5. HP: 41/42 MP: 5/5
  2760 | D:3      | Reached skill level 1 in Armour
  3005 | D:3      | Reached skill level 4 in Axes
  3304 | D:3      | Quit the game

Vault maps used:
D:1:      ebering_hopf_link, grunt_decor_fettered
D:3:      uniq_robin

Skill      XL: |  1  2  3  4  5 |
---------------+----------------+-----
Dodging        | 3 |  3.3
Axes           | 3 4 |  4.0
Stealth        | 2 |  2.5
Armour         | 1 |  1.2
Fighting       | |  3.7

Action                   |  1- 3 |  4- 6 || total
-------------------------+-------+-------++-------
Melee: Hand axe          |   109 |   109 ||   218
       Kick              |     7 |    32 ||    39
 Stab: Sleeping          |     5 |     1 ||     6
  Eat: Chunk             |     3 |     4 ||     7
Armor: Robe              |     6 |       ||     6
       Ring mail         |    19 |    15 ||    34
       Chain mail        |       |    31 ||    31
Dodge: Dodged            |    86 |    69 ||   155

Table legend:
 A = Non-vault XP
 B = Vault XP
 C = Vault XP percentage of total XP
 D = Non-vault monster count
 E = Vault monster count
 F = Vault count percentage of total count
                 A         B        C        D         E       F
            +---------+---------+-------+---------+---------+-------
      Total |     213 |      37 |  14.8 |      67 |      12 |  15.2
            +---------+---------+-------+---------+---------+-------
        D:1 |      46 |       0 |   0.0 |      19 |       0 |   0.0
        D:2 |      79 |       0 |   0.0 |      22 |       0 |   0.0
        D:3 |      88 |      37 |  29.6 |      26 |      12 |  31.6
            +---------+---------+-------+---------+---------+-------
